 Dungeon Crawl Stone Soup version 0.29-a0-565-g7a16c6de65 (webtiles) character file.

Game seed: 199076761361724533

572 vbjbw the Vexing (level 7, -8/32 HPs)
             Began as a Spriggan Enchanter on June 12, 2022.
             Killed by divine providence
             ... invoked by an orc priest
              (9 damage)
             ... on level 4 of the Dungeon.
             The game lasted 00:07:48 (4897 turns).

vbjbw the Vexing (Spriggan Enchanter)               Turns: 4897, Time: 00:07:48

Health: -8/32      AC:  3    Str:  6    XL:     7   Next: 12%
Magic:  14/17      EV: 17    Int: 19    God:
Gold:   233        SH:  0    Dex: 15    Spells: 7/18 levels left

rFire   + . .      SeeInvis +   a - +2 dagger
rCold   + . .      Faith    .   (no shield)
rNeg    . . .      Spirit   .   b - +1 robe
rPois   +          Reflect  .   (helmet restricted)
rElec   +          Harm     .   (no cloak)
rCorr   +          Rampage  .   (gloves unavailable)
Will    +....      Rage     1%  (boots unavailable)
Stlth   +++.......              f - amulet of the acrobat
HPRegen 0.10/turn               m - ring of poison resistance
MPRegen 0.15/turn               (no ring)

@: brilliant, resistant, very quick
A: very small, no large weapons, unfitting armour, see invisible, speed 3,
berserk 1, clever 1
a: no special abilities


You were on level 4 of the Dungeon.
You visited 1 branch of the dungeon, and saw 4 of its levels.

You collected 242 gold pieces.
You spent 9 gold pieces at shops.

Inventory:

Hand Weapons
 a - a +2 dagger (weapon)
Armour
 b - a +1 robe (worn)
Jewellery
 f - an amulet of the acrobat (around neck)
 m - a ring of poison resistance (left hand)
Wands
 k - a wand of flame (13)
Scrolls
 e - a scroll of enchant armour
 j - 4 scrolls of teleportation
 l - 2 scrolls of amnesia
Potions
 c - 2 potions of invisibility
 d - a potion of lignification
 h - a potion of haste {unknown}
 i - a potion of curing {unknown}
 n - a potion of brilliance


   Skills:
 - Level 1.1 Short Blades
 - Level 2.6 Dodging
 + Level 6.4 Stealth
 + Level 6.4 Spellcasting
 + Level 6.9 Hexes


You had 7 spell levels left.
You knew the following spells:

 Your Spells              Type           Power      Damage    Failure   Level
a - Ensorcelled Hibernat  Hex/Ice        58%        N/A       3%          2
b - Tukima's Dance        Hex            49%        N/A       1%          3
c - Dazzling Flash        Conj/Hex       58%        N/A       8%          3
d - Confusing Touch       Hex            49%        N/A       1%          3

Your spell library contained the following spells:

 Spells                   Type           Power      Damage    Failure   Level
 Magic Dart               Conj           36%        1d4       11%         1
 Necrotize                Necr           36%        1d5       11%         1
 Call Imp                 Summ           9%         N/A       16%         2
 Mephitic Cloud           Conj/Pois/Air  9%         N/A       32%         3
 Vampiric Draining        Necr           9%         2d6       32%         3
 Agony                    Necr           9%         N/A       96%         5
 Borgnjor's Revivificati  Necr           4%         N/A       100%        8
 Necromutation            Tmut/Necr      4%         N/A       100%        8
 Death's Door             Necr           4%         N/A       100%        9


Dungeon Overview and Level Annotations

Branches:
Dungeon (4/15)
 Temple: D:4-7

Altars:
Lugonu

Shops:
D:4 *

Portals:
Abyss: D:3

Annotations:
D:3 2 runed translucent doors
D:4 2 runed translucent doors, HeadfulHorsecorpse's ghost, amateur MeEE


Innate Abilities, Weirdness & Mutations

You are very small and have problems with some larger weapons.
You are too small for most types of armour.
You have supernaturally acute eyesight. (SInv)
You cover ground extremely quickly. (Speed+++)
You tend to lose your temper in combat.
Your mind is acute. (Int +2)


Message History

The orc shouts!
The orc wizard shouts!
The orc priest shouts!
Aiming: Throw Flame
Press: ? - help, Shift-Dir - straight line, f - orc wizard
Aim: an orc wizard, wielding a +0 dagger and wearing a +0 robe (60% to hit)
The puff of flame hits the orc wizard but does no damage.
Unknown command.
Unknown command.
Casting: Ensorcelled Hibernation (safe; 3% risk of failure)
Confirm with . or Enter, or press ? or * to list all spells.
Aiming: Tukima's Dance (safe; 1% risk of failure)
Press: ? - help, Shift-Dir - straight line, f/p - orc wizard
Aim: an orc wizard, wielding a +0 dagger and wearing a +0 robe (chance to affect: 62%)
The +0 trident dances into the air!
Unknown command.
Found a scroll labelled CAT MA NUPE.
The orc priest calls down the wrath of Beogh upon you.
Beogh smites you!
There is an open door here.
You barely miss the orc warrior.
Your +0 trident hits the orc wizard!
The orc warrior hits you!
* * * LOW HITPOINT WARNING * * *
The orc wizard hits your +0 trident but does no damage.
The orc priest calls upon Beogh to heal the orc wizard.
The orc wizard is healed somewhat.
Casting: Tukima's Dance (safe; 1% risk of failure)
Confirm with . or Enter, or press ? or * to list all spells.
Okay, then.
It was a potion of resistance.
You feel protected.
The orc priest mumbles some strange prayers to Beogh against you.
Beogh smites you!
* * * LOW HITPOINT WARNING * * *
The orc warrior misses you.
Your +0 trident hits the orc.
Unknown command.
It was a potion of brilliance.
You feel clever all of a sudden. The orc warrior closely misses you.
The orc priest calls down the wrath of Beogh upon you.
Beogh smites you!
You die... ...?## #.... ..... o.( ooS

#o# #.# #o# #.# ##@##
#.# ##...## #.#
##.....## #.##
##.......## ##..#
#.........####...#####
+.........'.......†...
#.........####...#####
##.......## ##..#
##.....## ##.#


You could see an orc warrior (ally target), an orc priest, an orc wizard, an
adder, 2 orcs and a friendly +0 trident.

Vanquished Creatures
  Sigmund (D:2)
  An ice beast (D:4)
  A hound (D:4)
  An iguana (D:4)
  Natasha (thrice) (D:2)
  6 adders
  A gnoll (D:4)
  2 worms
  3 dart slugs
  2 orcs
  7 bats
  5 endoplasms
  5 giant cockroaches
  9 goblins
  7 hobgoblins
  5 jackals
  6 kobolds
  2 quokkas
  6 ball pythons
  A frilled lizard (D:1)
  5 rats
79 creatures vanquished.

Vanquished Creatures (collateral kills)
  3 gnolls (D:4)
  A bat (D:2)
  A frilled lizard (D:2)
5 creatures vanquished.

Vanquished Creatures (others)
  A dancing weapon (D:4)
1 creature vanquished.

Grand Total: 85 creatures vanquished

Notes
Turn   | Place    | Note
-------+----------+-------------------------------------------
     0 | D:1      | vbjbw the Spriggan Enchanter began the quest for the Orb.
     0 | D:1      | Reached XP level 1. HP: 9/9 MP: 5/5
   225 | D:1      | Reached XP level 2. HP: 13/13 MP: 7/7
   228 | D:1      | Learned a level 2 spell: Ensorcelled Hibernation
  1305 | D:2      | Reached XP level 3. HP: 16/16 MP: 1/9
  1309 | D:2      | Learned a level 3 spell: Tukima's Dance
  1313 | D:2      | Learned a level 3 spell: Confusing Touch
  1531 | D:2      | Noticed Sigmund
  1985 | D:2      | Killed Sigmund
  1986 | D:2      | Reached skill level 5 in Spellcasting
  1986 | D:2      | Reached skill level 5 in Hexes
  1986 | D:2      | Reached XP level 4. HP: 8/21 MP: 8/12
  1986 | D:2      | Reached XP level 5. HP: 10/24 MP: 8/13
  2556 | D:2      | Noticed Natasha
  2567 | D:2      | Killed Natasha
  2721 | D:2      | Noticed Natasha
  2790 | D:2      | Killed Natasha
  2791 | D:2      | Reached skill level 5 in Stealth
  2791 | D:2      | Reached XP level 6. HP: 28/28 MP: 12/15
  3288 | D:3      | Found a large runed translucent door.
  3288 | D:3      | Found a large runed translucent door.
  3430 | D:3      | Found a corrupted altar of Lugonu.
  3697 | D:3      | Found a one-way gate to the infinite horrors of the Abyss.
  3798 | D:2      | Noticed Natasha
  3803 | D:2      | Killed Natasha
  3883 | D:4      | Noticed an ice beast
  3922 | D:4      | Learned a level 3 spell: Dazzling Flash
  4351 | D:4      | Gained mutation: Your mind is acute. (Int +2) [potion of
                  | mutation]
  4351 | D:4      | Gained mutation: You tend to lose your temper in combat.
                  | [potion of mutation]
  4363 | D:4      | Found a runed translucent door.
  4388 | D:4      | Noticed HeadfulHorsecorpse's ghost (amateur MeEE)
  4423 | D:4      | Found Watiut's CLEARANCE SALE!.
  4426 | D:4      | Bought a scroll of teleportation for 9 gold pieces
  4553 | D:4      | Found a runed translucent door.
  4722 | D:4      | Killed an ice beast
  4723 | D:4      | Reached XP level 7. HP: 16/32 MP: 13/17
  4896 | D:4      | HP: 1/32 [orc priest/divine providence (7)]
  4897 | D:4      | Killed from afar by an orc priest

Illustrated notes

Levels and vault maps discovered:
D:1:      saegor_arrival_simple_b, layout_loops_ring
D:2:      cheibrodos_helix_gallery, layout_basic, uniq_natasha, uniq_sigmund
D:3:      due_chaos_kobolds, layout_loops_ring
D:4:      layout_loops_corners, mainiacjoe_overflow_surrounded_room,
          ebering_ghost_sewer_f, nicolae_shop_clearance

Skill      XL: |  1  2  3  4  5  6 |
---------------+-------------------+-----
Spellcasting   | 3 5 6 |  6.4
Hexes          | 4 5 6 |  6.9
Stealth        | 5 6 |  6.4
Short Blades   | |  1.1
Dodging        | |  2.6

Action                   |  1- 3 |  4- 6 |  7- 9 || total
-------------------------+-------+-------+-------++-------
Melee: Dagger            |    60 |   144 |     2 ||   206
       Punch             |     2 |       |       ||     2
 Cast: Ensorcelled Hiber |     7 |    20 |     1 ||    28
       Tukima's Dance    |     3 |     4 |     1 ||     8
       Confusing Touch   |     1 |     1 |       ||     2
Evoke: Wand              |       |       |     1 ||     1
  Use: Scroll            |     4 |     4 |       ||     8
       Potion            |       |     1 |     2 ||     3
 Stab: Sleeping          |    14 |    25 |     1 ||    40
       Confused          |     2 |       |       ||     2
Armor: Robe              |     2 |    20 |       ||    22
Dodge: Dodged            |    38 |    85 |     2 ||   125

Table legend: (Time is in decaauts)
 A = Elapsed time spent in this place.
 B = Non-inter-level travel time spent in this place.
 C = Inter-level travel time spent in this place.
 D = Time resting spent in this place.
 E = Time spent auto-exploring this place.
 F = Levels seen in this place.
 G = Mean time per level.
                   A        B        C        D        E       F      G
               +--------+--------+--------+--------+--------+-----+--------+
         Total |   3767 |   3648 |    119 |    422 |   2548 |   4 |  941.8 |
       Dungeon |   3767 |   3648 |    119 |    422 |   2548 |   4 |  941.8 |
               +--------+--------+--------+--------+--------+-----+--------+

Top non-repeatable levels by time:
     D:1: 1192 daAuts
     D:2: 1147 daAuts
     D:4: 826 daAuts
     D:3: 601 daAuts
